Map: Shrines of Lizul

Players

PureLegacy - Winner!

  • Race: Terran Terran
  • Spawn Location: 6:00

ADOIFHlTLER - Winner!

  • Race: Terran Terran
  • League: Master
  • Spawn Location: 9:00

ƤǚșĦȅƦ

  • Race: Terran Terran
  • League: Master
  • Spawn Location: 3:00

iRONMAn

  • Race: Zerg Zerg
  • Spawn Location: 12:00

VOD

Have the link to the VOD?

Description

Time

  • Played on: Nov. 22, 2018, 10:42 a.m.
  • Length: 5:34
Show
View Real Time Build Order
Export as new Build Order

PureLegacy Terran - Winner!

Build Orders:  

Get SALT Encoding   

  12  0:01  SCV  
  13  0:13  SCV  
  14  0:19  Supply Depot  
  14  0:25  SCV  
  15  0:33  Refinery  
  15  0:40  SCV  
  16  0:47  Barracks  
  16  0:52  SCV  
  17  1:04  Barracks  
  17  1:18  Barracks  
  17  1:25  SCV  
  18  1:35  Reaper  
  19  1:51  Orbital Command  
  19  1:55  Reaper  
  20  2:02  Refinery  
  20  2:06  Reaper  
  21  2:09  Reaper  
  22  2:17  Supply Depot  
  22  2:31  Reaper  
  23  2:39  Reaper, SCV  
  23  2:40  Supply Depot  
  25  2:53  Reaper  
  26  2:59  SCV  
  27  3:09  Reaper  
  27  3:11  SCV  
  29  3:14  Reaper  
  29  3:30  Reaper  
  28  3:35  Command Center  
  28  3:38  SCV  
  28  3:41  Supply Depot, Reaper  
  29  3:55  Reaper  
  29  4:03  Reaper  
  30  4:11  SCV  
  30  4:13  Reaper  
  30  4:14  Barracks  
  30  4:15  Barracks  
  32  4:27  Reaper  
  32  4:28  SCV  
  34  4:38  Reaper  
  35  4:41  SCV  
  36  4:50  Reaper  
  36  4:52  Orbital Command  
  37  4:53  SCV  
  37  4:59  Reaper  
  38  5:05  Engineering Bay, SCV  
  41  5:09  Marine  
  42  5:17  SCV  
Show
View Real Time Build Order
Export as new Build Order

ADOIFHlTLER Terran - Winner!

Build Orders: 1/1/1, Hellion Banshee 

Get SALT Encoding   

  12  0:00  SCV  
  13  0:12  SCV  
  14  0:17  Supply Depot  
  14  0:24  SCV  
  15  0:39  SCV  
  15  0:41  Barracks  
  16  0:47  Refinery  
  16  0:51  SCV  
  16  0:56  Refinery  
  17  1:03  SCV  
  18  1:15  SCV  
  19  1:29  Marine  
  19  1:30  Orbital Command  
  20  1:44  Factory  
  20  1:48  Marine  
  21  2:00  Supply Depot  
  21  2:02  SCV  
  21  2:06  Marine  
  23  2:22  SCV  
  24  2:29  Factory Tech Lab, Marine, Starport  
  25  2:37  Supply Depot  
  25  2:47  Marine  
  25  2:53  Factory Reactor  
  25  2:54  SCV  
  25  3:10  Cloaking Field  
  25  3:11  Marine, Banshee  
  29  3:23  Command Center  
  29  3:30  Hellion  
  29  3:34  Hellion  
  33  3:42  Supply Depot  
  33  3:54  Banshee  
  34  3:56  Hellion  
  36  4:02  Hellion  
  36  4:03  SCV  
  37  4:14  Marine  
  38  4:19  Hellion  
  38  4:21  SCV  
  41  4:26  Hellion  
  43  4:33  SCV  
  43  4:36  Banshee  
  43  4:37  Orbital Command  
  47  4:50  Barracks Tech Lab  
  47  4:53  Factory  
  47  4:54  Hellion  
  47  4:58  Hellion  
  47  5:18  SCV x2  
Show
View Real Time Build Order
Export as new Build Order

ƤǚșĦȅƦ Terran 

Build Orders:  

Get SALT Encoding   

  12  0:00  SCV  
  13  0:13  SCV  
  14  0:17  Supply Depot  
  14  0:25  SCV  
  15  0:33  Refinery  
  15  0:39  SCV  
  16  0:46  Barracks  
  16  0:51  SCV  
  17  1:03  SCV  
  18  1:08  Barracks  
  18  1:19  Barracks  
  18  1:27  Refinery  
  18  1:33  Reaper  
  19  1:52  Orbital Command  
  19  1:59  Supply Depot  
  19  2:00  Reaper  
  20  2:06  Reaper  
  21  2:11  Reaper  
  22  2:26  SCV  
  23  2:32  Reaper  
  23  2:36  Supply Depot  
  24  2:38  Reaper  
  25  2:52  Reaper  
  25  3:00  Supply Depot  
  25  3:04  Reaper  
  23  3:10  Reaper  
  23  3:11  SCV  
  25  3:23  SCV  
  25  3:25  Reaper  
  25  3:35  SCV  
  25  3:36  Reaper  
  27  3:42  Reaper  
  28  3:57  Reaper  
  27  4:05  Engineering Bay  
  27  4:06  Supply Depot  
  27  4:08  Reaper  
  28  4:15  Reaper  
  28  4:29  Reaper  
  26  4:40  Reaper  
  23  4:47  Reaper  
  24  4:54  Missile Turret  
  20  5:08  SCV  
  15  5:20  SCV  
Show
View Real Time Build Order
Export as new Build Order

iRONMAn Zerg 

Build Orders: Hatch First 

Get SALT Encoding   

  12  0:01  Drone  
  13  0:08  Drone  
  14  0:19  Overlord  
  14  0:25  Extractor  
  14  0:26  Drone  
  15  0:37  Drone  
  15  0:38  Drone  
  17  0:48  Drone  
  18  1:03  Hatchery  
  18  1:04  Drone  
  18  1:11  Extractor  
  18  1:17  Extractor  
  16  1:21  Spawning Pool  
  16  1:24  Drone  
  16  1:30  Drone  
  16  1:31  Drone  
  18  1:42  Drone  
  19  1:49  Overlord  
  19  2:00  Drone  
  20  2:10  Queen  
  20  2:11  Zergling x2  
  20  2:13  Metabolic Boost  
  23  2:19  Queen  
  25  2:25  Zergling x2  
  25  2:28  Overlord  
  26  2:41  Zergling x4  
  29  2:51  Drone x2  
  29  2:52  Drone  
  31  2:59  Drone x2  
  31  3:04  Zergling x2  
  34  3:09  Lair, Zergling x2  
  35  3:14  Drone  
  35  3:18  Spine Crawler  
  34  3:23  Zergling x4  
  35  3:43  Overlord x3  
  35  3:50  Extractor  
  35  3:51  Overlord  
  35  3:52  Zergling x2, Extractor  
  33  3:56  Zergling x2  
  30  4:03  Drone x2  
  30  4:04  Drone x2  
  30  4:09  Overlord, Zergling x2  
  35  4:10  Zergling x2  
  35  4:14  Spore Crawler  
  35  4:15  Spore Crawler  
  35  4:16  Drone  
  35  4:29  Spire  
  34  4:50  Drone x5, Overlord  
  37  4:54  Extractor  
  36  5:01  Zergling x4  
  36  5:02  Zergling x4  
  36  5:07  Overlord  
  40  5:11  Zergling x2  
  41  5:15  Zergling x2  
  41  5:16  Zergling x2  
Tags
 
Add a new tag
Caveats
  • Supply blocks, unpowered buildings, or Contaminate may cause inaccurate times.
  • Supply counts are checked every 10 seconds.